 Dungeon Crawl Stone Soup version 0.30-a0-358-g0d69a1922f (webtiles) character file.

Game seed: 2727639792451952378

64 Maxmaps the Cudgeller (level 4, -8/48 HPs)
             Began as an Ogre Monk on Nov 8, 2022.
             Mangled by a gnoll
             ... wielding a +0 whip
              (10 damage)
             ... on level 3 of the Dungeon.
             The game lasted 00:01:57 (1813 turns).

Maxmaps the Cudgeller (Ogre Monk)                   Turns: 1813, Time: 00:01:57

Health: -8/48      AC:  3    Str: 15    XL:     4   Next: 12%
Magic:  4/4        EV: 10    Int: 13    God:
Gold:   93         SH:  0    Dex: 11    Spells: 3/3 levels left

rFire   + . .      SeeInvis .    a - +0 mace
rCold   . . .      Faith    .    (no shield)
rNeg    . . .      Spirit   .    b - +0 robe
rPois   .          Reflect  .    (helmet restricted)
rElec   .          Harm     .    (no cloak)
rCorr   .          Rampage  .    (gloves unavailable)
Will    .....                    (boots unavailable)
Stlth   ++........               (no amulet)
HPRegen 0.28/turn                j - ring of protection from fire
MPRegen 0.09/turn                (no ring)

@: no status effects
A: large, unfitting armour, tough skin 1
a: no special abilities


You were on level 3 of the Dungeon.
You visited 1 branch of the dungeon, and saw 3 of its levels.

You collected 93 gold pieces.

Inventory:

Hand Weapons
 a - a +0 mace (weapon)
Missiles
 g - 2 large rocks (quivered)
Armour
 b - a +0 robe (worn)
Jewellery
 e - an amulet of regeneration
 f - a ring of magical power
 j - a ring of protection from fire (left hand)
Scrolls
 c - a scroll of poison {unknown}
 h - 2 scrolls of identify {unknown}
 i - a scroll of teleportation {unknown}
Potions
 d - 3 potions of haste
 k - a potion of invisibility {unknown}
 l - a potion of brilliance {unknown}
 m - 2 potions of might {unknown}
 n - 2 potions of curing
 o - a potion of degeneration {unknown}


   Skills:
 - Level 4.0 Fighting
 + Level 4.4 Maces & Flails
 - Level 2.6 Dodging
 - Level 1.4 Stealth


You had 3 spell levels left.
You didn't know any spells.
Your spell library contained the following spells:

 Spells                   Type           Power      Damage    Failure   Level
 Kiss of Death            Conj/Necr      0%         2d5       30%         1
 Cigotuvi's Dreadful Rot  Necr/Pois/Air  0%         N/A       43%         2
 Confusing Touch          Hex            0%         N/A       67%         3
 Gell's Gravitas          Tloc           0%         N/A       67%         3
 Lesser Beckoning         Tloc           0%         N/A       67%         3
 Teleport Other           Tloc           0%         N/A       67%         3
 Dispel Undead            Necr           0%         3d6       97%         4
 Death Channel            Necr           0%         N/A       100%        6


Dungeon Overview and Level Annotations

Branches:
Dungeon (3/15)

Altars:


Innate Abilities, Weirdness & Mutations

You are too large for most types of armour.
You have tough skin. (AC +1)


Message History

A gnoll comes into view. It is wielding a +0 halberd.
A gnoll comes into view. It is wielding a +0 whip.
A goblin comes into view. It is wielding a +0 dagger.
The orc hits you but does no damage.
Things that are here:
a +0 trident; an orc corpse You sock the orc!
You kill the orc!
A gnoll comes into view. It is wielding a +0 club.
Found 13 gold pieces.
The gnoll hits you with a +0 flail!
The orc priest hits you with a +0 hand axe.
You completely miss the orc priest. The gnoll hits you with a +0 flail.
The gnoll hits you from afar with a +0 halberd.
* * * LOW HITPOINT WARNING * * *
The orc priest closely misses you.
You are too injured to fight recklessly!
You are too injured to fight recklessly!
You are too injured to fight recklessly!
You are too injured to fight recklessly!
You are too injured to fight recklessly!
You are too injured to fight recklessly!
You are too injured to fight recklessly!
You are too injured to fight recklessly!
You are too injured to fight recklessly!
You are too injured to fight recklessly!
You are too injured to fight recklessly!
You are too injured to fight recklessly!
The gnoll attacks as you move away! The gnoll barely misses you.
A rat comes into view.
Things that are here:
a +0 trident; an orc corpse The gnoll attacks as you move away!
The gnoll closely misses you.
The orc priest miscasts a cantrip.
The gnoll attacks as you move away! The gnoll hits you with a +0 flail.
* * * LOW HITPOINT WARNING * * *
The orc priest looks braver for a moment.
The gnoll attacks as you move away! The gnoll hits you with a +0 flail!
* * * LOW HITPOINT WARNING * * *
The gnoll attacks as you move away! The gnoll hits you with a +0 whip!
You die...

#.........# #...#####
#.#.......# +........
#.#.......####..†.....
...........<......†..
#...................
####......####.........
#.........####.........
.##.............#.....
.....#.@######..#...#..#
.#.#.#gg# ..#...#...#.
#.#.g# #...#..)#...
#.#...o###...#
#.....gg...#..
#......).....#
#..........#..
..............#
...#.##.....#..


You could see an orc priest, 4 gnolls and a goblin.

Vanquished Creatures
  2 adders
  A worm (D:1)
  2 dart slugs
  2 orcs (D:3)
  3 bats
  3 endoplasms
  A giant cockroach (D:1)
  6 goblins
  2 hobgoblins (D:1)
  2 jackals (D:1)
  A quokka (D:1)
  4 ball pythons
  2 frilled lizards
  2 kobolds
  2 rats
35 creatures vanquished.

Notes
Turn   | Place    | Note
-------+----------+-------------------------------------------
     0 | D:1      | Maxmaps the Ogre Monk began the quest for the Orb.
     0 | D:1      | Reached XP level 1. HP: 24/24 MP: 1/1
    46 | D:1      | Reached XP level 2. HP: 25/32 MP: 2/2
   583 | D:1      | Reached XP level 3. HP: 39/39 MP: 3/3
  1653 | D:2      | Reached XP level 4. HP: 48/48 MP: 4/4
  1812 | D:3      | HP: 2/48 [gnoll/+0 flail (9)]
  1813 | D:3      | Mangled by a gnoll

Illustrated notes

Levels and vault maps discovered:
D:1:      tarquinn_simple_flora_water_a, layout_loops_ring
D:2:      layout_basic, dk_vineyard_1
D:3:      layout_basic, mainiacjoe_overflow_alcove_1,
          nicolae_overflow_crystal_walls, st_stairs_9, serial_bayou_pond_b,
          minivault_5, hex_medium

Skill      XL: |  1  2  3 |
---------------+----------+-----
Maces & Flails | 3 4 |  4.4
Fighting       | |  4.0
Dodging        | |  2.6
Stealth        | |  1.4

Action                   |  1- 3 |  4- 6 || total
-------------------------+-------+-------++-------
Melee: Mace              |   124 |     8 ||   132
       Punch             |     1 |       ||     1
  Use: Potion            |     5 |       ||     5
 Stab: Sleeping          |     3 |       ||     3
Armor: Robe              |    33 |     3 ||    36
Dodge: Dodged            |    77 |     7 ||    84

Table legend: (Time is in decaauts)
 A = Elapsed time spent in this place.
 B = Non-inter-level travel time spent in this place.
 C = Inter-level travel time spent in this place.
 D = Time resting spent in this place.
 E = Time spent auto-exploring this place.
 F = Levels seen in this place.
 G = Mean time per level.
                   A        B        C        D        E       F      G
               +--------+--------+--------+--------+--------+-----+--------+
         Total |   1826 |   1778 |     48 |    232 |   1183 |   3 |  608.7 |
       Dungeon |   1826 |   1778 |     48 |    232 |   1183 |   3 |  608.7 |
               +--------+--------+--------+--------+--------+-----+--------+

Top non-repeatable levels by time:
     D:2: 909 daAuts
     D:1: 868 daAuts
     D:3: 49 daAuts
